cohdb
Replays
Latest Replays
All Replays
Popular Replays
Top Player Replays
Match Explorer
How It Works
Community
CoH3 Stats
Reddit
Sign in to upload your games and track your stats! →
Sign in with Steam
Match 35553701
Unlisted
Match 35553701
Overview
Messages
Build Orders
End
Kradschützen Motorcycle Team
Panzerpioneer Squad
Panzergrenadier Squad
Construct Light Support Kompanie
Assault Grenadier Squad
2.5-tonne Medical Truck
MG34 Team
Panzerjäger Mechanized Group
Fire Support Elements
Flakvierling Half-track
Panzergrenadier Squad
Pak 38 Anti-tank Gun Team
Construct Panzerarmee Kommand
le.IG 18 Mechanized Group
Selects Armored Support Battlegroup
Selects Vehicle Awareness
Selects Panzer Storm
Selects Stuka Dive Bomb
Vehicle Awareness
Panzer III L Medium Tank
Panzer III L Medium Tank
Selects Superior Fire Drills
Stuka Dive Bomb
Stuka Dive Bomb
la
Tango
Turtleboy
PLA-storm
MoronPark-CPLASF
一个简单人机的自我修养
0
0
Comments
sign in to comment!
No comments posted yet!